 Dungeon Crawl Stone Soup version 0.30.1-4-g462c640d31 (webtiles) character file.

Game seed: 4918912047552643521

7 safid the Chiller (level 2, 0/20 HPs)
             Began as a Merfolk Ice Elementalist on Aug 31, 2023.
             Slain by a jackal (1 damage)
             ... on level 1 of the Dungeon.
             The game lasted 00:00:39 (143 turns).

safid the Chiller (Merfolk Ice Elementalist)         Turns: 143, Time: 00:00:40

Health: 0/20       AC:  2    Str:  8    XL:     2   Next: 4%
Magic:  2/5        EV: 12    Int: 14    God:
Gold:   9          SH:  5    Dex: 14    Spells: 4/5 levels left

rFire   . . .        (no weapon)
rCold   . . .        (no shield)
rNeg    . . .        a - +0 robe
rPois   .            (no helmet)
rElec   .            (no cloak)
rCorr   .            (no gloves)
SInv    .            (no boots)
Will    .....        c - amulet of reflection
Stlth   ++           (no ring)
HPRegen 0.23/turn    (no ring)
MPRegen 0.09/turn

%: reflection
@: no status effects
A: (nimble swimmer 2), mertail
a: no special abilities


You were on level 1 of the Dungeon.
You visited 1 branch of the dungeon, and saw 1 of its levels.

You collected 9 gold pieces.

Inventory:

Armour
 a - a +0 robe (worn)
Jewellery
 c - an amulet of reflection (around neck)
 d - a ring of wizardry
Scrolls
 e - a scroll of blinking {unknown}
 f - a scroll of magic mapping {unknown}
 g - a scroll of teleportation {unknown}
Potions
 b - a potion of magic


   Skills:
 + Level 0.8 Fighting
 - Level 2.6 Dodging
 - Level 2.1 Stealth
 + Level 2.2 Spellcasting
 + Level 4.5 Ice Magic


You had 4 spell levels left.
You knew the following spells:

 Your Spells              Type           Power      Damage    Failure   Level
a - Freeze                Ice            56%        1d7       3%          1

Your spell library contained the following spells:

 Spells                   Type           Power      Damage    Failure   Level
 Frozen Ramparts          Ice            28%        1d5       11%         3
 Ozocubu's Armour         Ice            14%        N/A       11%         3
 Summon Ice Beast         Ice/Summ       7%         N/A       67%         4


Dungeon Overview and Level Annotations

Branches:
Dungeon (1/15)

Altars:


Innate Abilities, Weirdness & Mutations

((You are very nimble when in or above water. (Stealth+, EV+, Speed+++)))
Your lower body shifts to a powerful aquatic tail in water.


Message History

The jackal is severely wounded.
The jackal bites you.
* * * LOW HITPOINT WARNING * * *
The jackal barely misses you.
You hit the jackal but do no damage.
The jackal is severely wounded.
The jackal barely misses you.
You barely miss the jackal.
The jackal is heavily wounded.
The jackal closely misses you. The jackal bites you.
* * * LOW HITPOINT WARNING * * *
You hit the jackal but do no damage.
The jackal is heavily wounded.
The jackal barely misses you.
You hit the jackal.
The jackal is almost dead.
The jackal misses you.
You barely miss the jackal.
The jackal is almost dead.
The jackal bites you.
* * * LOW HITPOINT WARNING * * *
The jackal barely misses you.
You hit the jackal but do no damage.
The jackal is almost dead.
The jackal misses you.
You hit the jackal but do no damage.
The jackal is almost dead.
The jackal bites you.
* * * LOW HITPOINT WARNING * * *
The jackal bites you but does no damage.
You hit the jackal but do no damage.
The jackal is almost dead.
The jackal closely misses you.
You closely miss the jackal.
The jackal is almost dead.
You block the jackal's attack.
You barely miss the jackal.
The jackal is almost dead.
The jackal closely misses you. The jackal bites you.
You die...

#............
#............
#............
#####............
..#......†..?......
..r.#####.....#...
........†........#
#########.##########
...[...@hS..........
#.####.####.####.#..
#...##...#
#.⌠.##.⌠.#
#...##...# #
##.####.## #
##.####.####.####.##
....................
..........<.........


You could see a jackal and a ball python.

Vanquished Creatures
  An endoplasm (D:1)
  A hobgoblin (D:1)
  2 jackals (D:1)
  A quokka (D:1)
  A rat (D:1)
6 creatures vanquished.

Notes
Turn   | Place    | Note
-------+----------+-------------------------------------------
     0 | D:1      | safid the Merfolk Ice Elementalist began the quest for the
                  | Orb.
     0 | D:1      | Reached XP level 1. HP: 13/13 MP: 3/3
   129 | D:1      | Reached XP level 2. HP: 6/20 MP: 0/5
   140 | D:1      | HP: 1/20 [jackal (2)]
   143 | D:1      | Slain by a jackal

Illustrated notes

Levels and vault maps discovered:
D:1:      dpeg_arrival_chambers_temple_mockup, layout_rooms

Action                     || total
---------------------------++-------
  Melee: Unarmed           ||    70
   Cast: Freeze            ||     8
 Armour: Robe              ||    10
  Dodge: Dodged            ||    55
  Block: Other             ||    17
